 Dungeon Crawl Stone Soup version 0.31-a0-692-gf03d1854d5 (webtiles) character file.

Game seed: 10942512145035950838

51 qw the Shooter (level 3, -2/23 HPs)
             Began as a Gargoyle Hunter on Sept 6, 2023.
             Slain by Terence
             ... wielding a +4 short sword of draining
              (4 damage)
             ... on level 2 of the Dungeon.
             The game lasted 00:00:27 (1152 turns).

qw the Shooter (Gargoyle Hunter)                    Turns: 1152, Time: 00:00:28

Health: -2/23      AC:  6    Str: 14    XL:     3   Next: 81%
Magic:  3/3        EV: 11    Int:  9    God:
Gold:   101        SH:  0    Dex: 15    Spells: 2/2 levels left

rFire   . . .        Y - +0 shortbow
rCold   . . .        (shield currently unavailable)
rNeg    + . .        c - +0 leather armour
rPois   inf          (no helmet)
rElec   +            (no cloak)
rCorr   .            (no gloves)
SInv    .            (no boots)
Will    .....        (no amulet)
Stlth   ++           (no ring)
HPRegen 0.23/turn    (no ring)
MPRegen 0.08/turn

%: no passive effects
@: no status effects
A: sickness immunity, AC +3, negative energy resistance 1, electricity
resistance, torment resistance 1, petrification resistance
a: no special abilities


You were on level 2 of the Dungeon.
You visited 1 branch of the dungeon, and saw 2 of its levels.

You collected 101 gold pieces.


Innate Abilities, Weirdness & Mutations

You are immune to sickness and miasma.
Your stone body is resilient. (AC +3)
You are immune to poison.
You resist negative energy. (rN+)
You are resistant to electric shocks. (rElec)
You are resistant to unholy torment.
You are immune to petrification.


   Skills:
 - Level 3.0 Fighting
 + Level 5.0 Ranged Weapons
 - Level 1.5 Dodging
 - Level 1.1 Stealth


You had 2 spell levels left.
You didn't know any spells.
Your spell library was empty.

Inventory:

Hand Weapons
 Y - a +0 shortbow (weapon)
Armour
 c - a +0 leather armour (worn)
 e - a +0 ring mail
Scrolls
 f - a scroll of blinking {unknown}
Potions
 a - a potion of heal wounds {unknown}
 b - a potion of mutation {unknown}
 g - a potion of resistance {unknown}
 h - 2 potions of lignification {unknown}

Dungeon Overview and Level Annotations

Branches:
Dungeon (2/15)

Altars:

Annotations:
D:2 Robin, Terence


Message History

You start resting.
HP restored.
A bat comes into view.
You shoot an arrow. The arrow misses the bat.
The bat hits you but does no damage.
You shoot an arrow. The arrow hits the bat!
You kill the bat!
Terence and a goblin come into view.
Terence is wielding a +4 short sword of draining.
Terence shouts!
Terence moves out of view.
You shoot an arrow. The arrow closely misses the goblin.
The goblin hits you but does no damage.
You shoot an arrow. The arrow barely misses the goblin.
The goblin hits you but does no damage.
You shoot an arrow. The arrow misses the goblin.
The goblin hits you but does no damage.
You shoot an arrow. The arrow hits Terence.
Terence is moderately wounded.
An adder comes into view.
Terence hits you with a +4 short sword of draining.
The goblin misses you.
You shoot an arrow. The arrow hits Terence.
Terence is heavily wounded.
Terence hits you with a +4 short sword of draining.
The goblin hits you but does no damage.
You shoot an arrow.
The arrow hits Terence but does no damage.
Terence is heavily wounded.
Terence hits you with a +4 short sword of draining.
The goblin closely misses you. Terence completely misses you.
The goblin hits you with a +0 dagger.
You shoot an arrow. The arrow barely misses Terence.
The goblin hits you but does no damage.
Terence hits you with a +4 short sword of draining.
You shoot an arrow. The arrow hits Terence.
Terence is severely wounded.
The goblin hits you but does no damage.
Terence hits you with a +4 short sword of draining.
You die...

#.....# #####.#
#.# #.# #.# #.#
#.# #.# #@#
.....S@.g......
##.............
##.~........P~
#..~~PP~.~~P~~
#.#~~PP~~~~~P~
#.#~~PP~~~~P~~
# #P~~~~P~~PP~


You could see Terence, an adder and a goblin.

Vanquished Creatures
  4 dart slugs
  A ball python (D:2)
  3 endoplasms
  2 giant cockroaches
  6 goblins
  3 hobgoblins
  4 jackals (D:1)
  5 bats
  A frilled lizard (D:1)
  6 kobolds (D:1)
  2 rats
37 creatures vanquished.

Notes
Turn   | Place    | Note
-------+----------+-------------------------------------------
     0 | D:1      | qw the Gargoyle Hunter began the quest for the Orb.
     0 | D:1      | Reached XP level 1. HP: 12/12 MP: 1/1
     0 | D:1      | 0 ||| qw: Version: 0.3-a-76-g4403597
     0 | D:1      | 0 ||| qw: Game counter: 223
     0 | D:1      | 0 ||| qw: Melee chars always use a shield: true
     0 | D:1      | 0 ||| qw: God list: Okawaru
     0 | D:1      | 0 ||| qw: Allow faded altars: false
     0 | D:1      | 0 ||| qw: Do Orc after clearing Dungeon:15 true
     0 | D:1      | 0 ||| qw: Do second Lair branch before Depths: true
     0 | D:1      | 0 ||| qw: Lair rune preference: random
     0 | D:1      | 0 ||| qw: Goals: Normal
     0 | D:1      | 0 ||| PLANNING D:1-11
    75 | D:1      | Reached XP level 2. HP: 17/17 MP: 2/2
   461 | D:1      | Reached XP level 3. HP: 21/21 MP: 3/3
   506 | D:1      | Reached skill level 5 in Ranged Weapons
   757 | D:1      | 757 ||| READING scroll labelled KASHAA GASOPT.
   758 | D:1      | 758 ||| READING scroll labelled DIPUUP VUK OLI.
   763 | D:1      | 763 ||| READING scroll labelled EPYALU SELAPTI.
   764 | D:1      | 764 ||| READING scroll labelled OKHLEG UDDOALA.
   765 | D:1      | 765 ||| READING scroll labelled TEQOAN VOWE.
   766 | D:1      | 766 ||| DROPPING scroll of butterflies.
  1021 | D:2      | Noticed Robin
  1026 | D:2      | Reached skill level 3 in Fighting
  1033 | D:2      | HP: 4/23 [goblin/+0 club[Robin] (3)]
  1034 | D:2      | 1034 ||| READING scroll of teleportation.
  1144 | D:2      | Noticed Terence
  1151 | D:2      | HP: 2/23 [Terence/+4 short sword of draining (6)]
  1152 | D:2      | Slain by Terence

Levels and vault maps discovered:
D:1:      minmay_arrival_three_doors, layout_basic
D:2:      layout_loops_corners, basic_altar, serial_bayou, serial_bayou_pond_b,
          serial_bayou_shore_a, serial_bayou_pond_c, serial_bayou_shore_b,
          uniq_terence, uniq_robin

Skill      XL: |  1  2  3 |
---------------+----------+-----
Ranged Weapons | 5 |  5.0
Fighting       | 3 |  3.0
Dodging        | |  1.5
Stealth        | |  1.1

Action                     || total
---------------------------++-------
   Fire: Shortbow          ||   114
    Use: Scroll            ||     6
 Armour: Leather armour    ||    53
  Dodge: Dodged            ||    42

Table legend:
 A = Non-vault XP
 B = Vault XP
 C = Vault XP percentage of total XP
 D = Non-vault monster count
 E = Vault monster count
 F = Vault count percentage of total count
                 A         B        C        D         E       F
            +---------+---------+-------+---------+---------+-------
      Total |      60 |      13 |  17.8 |      30 |       7 |  18.9
            +---------+---------+-------+---------+---------+-------
        D:1 |      47 |       0 |   0.0 |      24 |       0 |   0.0
        D:2 |      13 |      13 |  50.0 |       6 |       7 |  53.8
            +---------+---------+-------+---------+---------+-------
